| TOP OF THE 1ST |
|
Aberdeen Ironbirds batting - Pitching for Minnesota (NYP) Twins : RHP Glen Dutton
|
|
Pitching: RHP Glen Dutton
|
|
|
Batting: LHB Chris Cohen
|
0-0: Called Strike 0-1: Ball 1-1: Swinging Strike 1-2: Strikes out looking
|
|
Batting: LHB Xue-liang Zhou
|
0-0: Called Strike 0-1: Called Strike 0-2: Ball 1-2: Ball 2-2: Strikes out looking
|
|
Batting: RHB C.J. Wells
|
0-0: Called Strike 0-1: Foul Ball, location: 2F 0-2: Strikes out swinging
|
| Top of the 1st over - 0 runs, 0 hits, 0 errors, 0 left on base; Aberdeen 0 - Minnesota (NYP) 0 |
| BOTTOM OF THE 1ST |
|
Minnesota (NYP) Twins batting - Pitching for Aberdeen Ironbirds : LHP Lawson Noseworthy
|
|
Pitching: LHP Lawson Noseworthy
|
|
|
Batting: RHB Caleb Bockmann
|
0-0: Ball 1-0: Swinging Strike 1-1: Fly out, F9 (Flyball, 89S, EV 95.6 MPH)
|
|
Batting: RHB Fhil Mikrakin
|
0-0: Called Strike 0-1: Called Strike 0-2: Ball 1-2: Ball 2-2: SINGLE (Flyball, 6D, EV 86.2 MPH)
|
|
Batting: RHB Steve Raine
|
0-0: Called Strike 0-1: Fly out, F3 (Popup, 23F, EV 76.9 MPH)
|
|
Batting: RHB Nate Matson
|
0-0: Called Strike 0-1: Called Strike Fhil Mikrakin steals 2nd base 0-2: Ball 1-2: Strikes out swinging
|
| Bottom of the 1st over - 0 runs, 1 hit, 0 errors, 1 left on base; Aberdeen 0 - Minnesota (NYP) 0 |
| TOP OF THE 2ND |
|
Aberdeen Ironbirds batting - Pitching for Minnesota (NYP) Twins : RHP Glen Dutton
|
|
Batting: SHB Carlos Carrillo
|
0-0: Ball 1-0: Ball 2-0: Foul Ball, location: 2F 2-1: Ball 3-1: Base on Balls
|
|
Batting: LHB Jeremy Nuzzo
|
0-0: Ball 1-0: Swinging Strike 1-1: Ball 2-1: Called Strike 2-2: Ball 3-2: SINGLE (Groundball, 4MD, EV 94.4 MPH) Carlos Carrillo to second
|
|
Batting: RHB Dou-wan Pan
|
0-0: Swinging Strike 0-1: Ball 1-1: Called Strike 1-2: Ball 2-2: Grounds into double play, 1-6-3 (Groundball, 13S, EV 63.8 MPH) Carlos Carrillo to third
|
|
Batting: LHB Robert Ortiz
|
0-0: Fly out, F6 (Popup, 6D, EV 37.5 MPH)
|
| Top of the 2nd over - 0 runs, 1 hit, 0 errors, 1 left on base; Aberdeen 0 - Minnesota (NYP) 0 |
| BOTTOM OF THE 2ND |
|
Minnesota (NYP) Twins batting - Pitching for Aberdeen Ironbirds : LHP Lawson Noseworthy
|
|
Batting: LHB Hector Olvera
|
0-0: Called Strike 0-1: SINGLE (Groundball, 4D, EV 103.8 MPH)
|
|
Batting: RHB Chris Bejarano
|
0-0: Ball 1-0: Foul Ball, location: 2F 1-1: Ball 2-1: Foul Ball, location: 2F 2-2: SINGLE (Flyball, 3D, EV 89.4 MPH) Hector Olvera to second
|
|
Batting: LHB Ben Roth
|
0-0: Ball 1-0: Called Strike 1-1: Swinging Strike 1-2: Ball 2-2: Foul Ball, location: 2F 2-2: Strikes out swinging
|
|
Batting: RHB David McClellan
|
0-0: Fielders Choice at 2nd, 6-4 (Groundball, 6, EV 91.9 MPH) Hector Olvera to third
|
|
Batting: LHB Jose Hilario
|
0-0: Called Strike 0-1: Foul Ball, location: 2F 0-2: Ball 1-2: Ball 2-2: Foul Ball, location: 2F 2-2: Strikes out looking
|
| Bottom of the 2nd over - 0 runs, 2 hits, 0 errors, 2 left on base; Aberdeen 0 - Minnesota (NYP) 0 |
| TOP OF THE 3RD |
|
Aberdeen Ironbirds batting - Pitching for Minnesota (NYP) Twins : RHP Glen Dutton
|
|
Batting: LHB Ivan Alvarez
|
0-0: Ball 1-0: Ball 2-0: Called Strike 2-1: Ball 3-1: Base on Balls
|
|
Batting: LHB Taylor Plummer
|
0-0: Ball 1-0: Ball 2-0: Foul Ball, location: 2F 2-1: Ball 3-1: Called Strike 3-2: Foul Ball, location: 2F 3-2: Strikes out swinging
|
|
Batting: LHB Chris Cohen
|
0-0: Ball 1-0: Called Strike 1-1: Foul Ball, location: 2F 1-2: Ball 2-2: Ball Ivan Alvarez is caught stealing 2nd base 2-6 3-2: Strikes out looking
|
| Top of the 3rd over - 0 runs, 0 hits, 0 errors, 0 left on base; Aberdeen 0 - Minnesota (NYP) 0 |
| BOTTOM OF THE 3RD |
|
Minnesota (NYP) Twins batting - Pitching for Aberdeen Ironbirds : LHP Lawson Noseworthy
|
|
Batting: RHB Caleb Bockmann
|
0-0: Called Strike 0-1: Called Strike 0-2: Foul Ball, location: 2F 0-2: Strikes out swinging
|
|
Batting: RHB Fhil Mikrakin
|
0-0: Swinging Strike 0-1: Foul Ball, location: 2F 0-2: Strikes out swinging
|
|
Batting: RHB Steve Raine
|
0-0: Foul Ball, location: 2F 0-1: Swinging Strike 0-2: SINGLE (Line Drive, 89S, EV 96.9 MPH)
|
|
Batting: RHB Nate Matson
|
0-0: Called Strike 0-1: Called Strike 0-2: Strikes out swinging
|
| Bottom of the 3rd over - 0 runs, 1 hit, 0 errors, 1 left on base; Aberdeen 0 - Minnesota (NYP) 0 |
| TOP OF THE 4TH |
|
Aberdeen Ironbirds batting - Pitching for Minnesota (NYP) Twins : RHP Glen Dutton
|
|
Batting: LHB Xue-liang Zhou
|
0-0: Called Strike 0-1: Foul Ball, location: 2F 0-2: Ball 1-2: Foul Ball, location: 2F 1-2: Strikes out swinging
|
|
Batting: RHB C.J. Wells
|
0-0: DOUBLE (Line Drive, 7LS, EV 95.0 MPH)
|
|
Batting: SHB Carlos Carrillo
|
0-0: Called Strike 0-1: SINGLE (Groundball, 34D, EV 93.8 MPH) C.J. Wells to third
|
|
Batting: LHB Jeremy Nuzzo
|
0-0: Ball 1-0: Called Strike 1-1: Ball 2-1: Fly out, F8 (Flyball, 78M, EV 80.6 MPH)
|
|
Batting: RHB Dou-wan Pan
|
0-0: SINGLE (Line Drive, 34, EV 96.2 MPH) C.J. Wells scores Carlos Carrillo to second Runner from 2nd tries for 3rd, SAFE, throw by RF made to third
|
|
Batting: LHB Robert Ortiz
|
0-0: Ball 1-0: Ball 2-0: Ball Wild Pitch! Carlos Carrillo scores Dou-wan Pan to second 3-0: Called Strike 3-1: Called Strike 3-2: Strikes out swinging
|
| Top of the 4th over - 2 runs, 3 hits, 0 errors, 1 left on base; Aberdeen 2 - Minnesota (NYP) 0 |
| BOTTOM OF THE 4TH |
|
Minnesota (NYP) Twins batting - Pitching for Aberdeen Ironbirds : LHP Lawson Noseworthy
|
|
Batting: LHB Hector Olvera
|
0-0: Ball 1-0: Ground out 3-1 (Groundball, 34S, EV 76.9 MPH)
|
|
Batting: RHB Chris Bejarano
|
0-0: SINGLE (Line Drive, 9S, EV 96.9 MPH)
|
|
Batting: LHB Ben Roth
|
0-0: Swinging Strike 0-1: Ball 1-1: Foul Ball, location: 2F 1-2: Foul Ball, location: 2F 1-2: Ball 2-2: Ball 3-2: SINGLE (Groundball, 6MD, EV 106.9 MPH) Chris Bejarano to second
|
|
Batting: RHB David McClellan
|
0-0: Called Strike 0-1: Ball 1-1: Called Strike 1-2: Strikes out looking
|
|
Batting: LHB Jose Hilario
|
0-0: Fly out, F8 (Flyball, 78D, EV 99.4 MPH)
|
| Bottom of the 4th over - 0 runs, 2 hits, 0 errors, 2 left on base; Aberdeen 2 - Minnesota (NYP) 0 |
| TOP OF THE 5TH |
|
Aberdeen Ironbirds batting - Pitching for Minnesota (NYP) Twins : RHP Glen Dutton
|
|
Batting: LHB Ivan Alvarez
|
0-0: Ball 1-0: Called Strike 1-1: Called Strike 1-2: Ball 2-2: Ball 3-2: Foul Ball, location: 2F 3-2: Foul Ball, location: 2F 3-2: Base on Balls
|
|
Batting: LHB Taylor Plummer
|
0-0: Ball 1-0: Ball 2-0: Swinging Strike 2-1: Fielders Choice at 2nd, 3-6 (Groundball, 3, EV 85.0 MPH)
|
|
Pitching: LHP Bryan Rouse
|
|
|
Batting: LHB Chris Cohen
|
0-0: Called Strike 0-1: Called Strike 0-2: Ball 1-2: Fly out, F9 (Flyball, 9LMF, EV 89.4 MPH)
|
|
Batting: LHB Xue-liang Zhou
|
0-0: Ball 1-0: Called Strike 1-1: Foul Ball, location: 2F 1-2: Ball 2-2: Ball 3-2: Base on Balls Taylor Plummer to second
|
|
Batting: RHB C.J. Wells
|
0-0: Ball 1-0: Ball 2-0: Called Strike 2-1: Foul Ball, location: 2F 2-2: Ball 3-2: Strikes out swinging
|
| Top of the 5th over - 0 runs, 0 hits, 0 errors, 2 left on base; Aberdeen 2 - Minnesota (NYP) 0 |
| BOTTOM OF THE 5TH |
|
Minnesota (NYP) Twins batting - Pitching for Aberdeen Ironbirds : LHP Lawson Noseworthy
|
|
Batting: RHB Caleb Bockmann
|
0-0: Called Strike 0-1: Ball 1-1: Called Strike 1-2: Ball 2-2: Ball 3-2: Foul Ball, location: 2F 3-2: Fly out, F8 (Flyball, 8LM, EV 83.8 MPH)
|
|
Batting: RHB Fhil Mikrakin
|
0-0: Ball 1-0: Ball 2-0: Ball 3-0: Called Strike 3-1: Called Strike 3-2: Strikes out swinging
|
|
Batting: RHB Steve Raine
|
0-0: Called Strike 0-1: Ball 1-1: Ball 2-1: Swinging Strike 2-2: Reached via error on a dropped throw from 1B, E1 (Groundball, 34, EV 94.4 MPH)
|
|
Pitching: RHP J.J. Maetzold
|
|
|
Batting: RHB Nate Matson
|
0-0: Foul Ball, location: 2F 0-1: Ball 1-1: Called Strike 1-2: Fly out, F8 (Flyball, 8RXD, EV 93.8 MPH)
|
| Bottom of the 5th over - 0 runs, 0 hits, 1 error, 1 left on base; Aberdeen 2 - Minnesota (NYP) 0 |
| TOP OF THE 6TH |
|
Aberdeen Ironbirds batting - Pitching for Minnesota (NYP) Twins : LHP Bryan Rouse
|
|
Batting: SHB Carlos Carrillo
|
0-0: Ball 1-0: Swinging Strike 1-1: Ball 2-1: Called Strike 2-2: Strikes out swinging
|
|
Batting: LHB Jeremy Nuzzo
|
0-0: Called Strike 0-1: DOUBLE (Flyball, 78D, EV 93.1 MPH)
|
|
Batting: RHB Dou-wan Pan
|
0-0: Ball 1-0: Ball 2-0: Called Strike 2-1: Ball 3-1: Called Strike 3-2: Foul Ball, location: 2F 3-2: Base on Balls
|
|
Batting: LHB Robert Ortiz
|
0-0: Ball 1-0: Called Strike 1-1: Ball 2-1: SINGLE (Groundball, 6MD, EV 98.8 MPH) Jeremy Nuzzo to third Dou-wan Pan to second Runner from 3rd tries for Home, SAFE, throw by CF to home
|
|
Batting: LHB Ivan Alvarez
|
0-0: Called Strike 0-1: Ball 1-1: Called Strike 1-2: Ball 2-2: Strikes out swinging
|
|
Batting: LHB Taylor Plummer
|
0-0: Foul Ball, location: 2F 0-1: Ball 1-1: Called Strike 1-2: Strikes out swinging
|
| Top of the 6th over - 1 run, 2 hits, 0 errors, 2 left on base; Aberdeen 3 - Minnesota (NYP) 0 |
| BOTTOM OF THE 6TH |
|
Minnesota (NYP) Twins batting - Pitching for Aberdeen Ironbirds : RHP J.J. Maetzold
|
|
Batting: LHB Hector Olvera
|
0-0: Ball 1-0: Swinging Strike 1-1: Ball 2-1: Foul Ball, location: 2F 2-2: Strikes out swinging
|
|
Batting: RHB Chris Bejarano
|
0-0: Called Strike 0-1: Ball 1-1: Ball 2-1: TRIPLE (Flyball, 78XD, EV 97.5 MPH)
|
|
Batting: LHB Ben Roth
|
0-0: Ball Wild Pitch! Chris Bejarano scores 1-0: Called Strike 1-1: Ball 2-1: Ball 3-1: Foul Ball, location: 2F 3-2: Ground out 4-3 (Groundball, 4, EV 76.9 MPH)
|
|
Batting: RHB David McClellan
|
0-0: Called Strike 0-1: Ball 1-1: Ground out 6-3 (Groundball, 56, EV 100.6 MPH)
|
| Bottom of the 6th over - 1 run, 1 hit, 0 errors, 0 left on base; Aberdeen 3 - Minnesota (NYP) 1 |
| TOP OF THE 7TH |
|
Aberdeen Ironbirds batting - Pitching for Minnesota (NYP) Twins : LHP Bryan Rouse
|
|
Batting: LHB Chris Cohen
|
0-0: Ball 1-0: Swinging Strike 1-1: DOUBLE (Flyball, 8LXD, EV 101.9 MPH)
|
|
Pitching: RHP Chad Brock
|
|
|
Batting: LHB Xue-liang Zhou
|
0-0: Swinging Strike 0-1: Ball 1-1: Fly out, F9 (Flyball, 9, EV 94.4 MPH)
|
|
Batting: RHB C.J. Wells
|
0-0: Ball 1-0: Ball 2-0: Called Strike 2-1: Ground out 5-3 (Groundball, 5, EV 91.2 MPH)
|
|
Batting: SHB Carlos Carrillo
|
0-0: Called Strike 0-1: Ball 1-1: Ball 2-1: Ball 3-1: Called Strike 3-2: Strikes out swinging
|
| Top of the 7th over - 0 runs, 1 hit, 0 errors, 1 left on base; Aberdeen 3 - Minnesota (NYP) 1 |
| BOTTOM OF THE 7TH |
|
Minnesota (NYP) Twins batting - Pitching for Aberdeen Ironbirds : RHP J.J. Maetzold
|
|
Batting: LHB Jose Hilario
|
0-0: Ball 1-0: Ground out 4-3 (Groundball, 4, EV 91.9 MPH)
|
|
Batting: RHB Caleb Bockmann
|
0-0: SINGLE (Line Drive, 7S, EV 101.9 MPH)
|
|
Batting: RHB Fhil Mikrakin
|
0-0: Ball 1-0: Swinging Strike 1-1: Swinging Strike 1-2: Ball 2-2: Ball 3-2: Foul Ball, location: 2F 3-2: Base on Balls Caleb Bockmann to second
|
|
Batting: RHB Steve Raine
|
0-0: SINGLE (Flyball, 78S, EV 94.4 MPH) Caleb Bockmann to third Fhil Mikrakin to second Runner from 3rd tries for Home, SAFE, throw by LF to home
|
|
Batting: RHB Nate Matson
|
0-0: Ball 1-0: Ball 2-0: Foul Ball, location: 2F 2-1: Foul Ball, location: 2F 2-2: Foul Ball, location: 2F 2-2: Ball 3-2: Fly out, F6 (Line Drive, 56, EV 66.9 MPH)
|
|
Pitching: RHP Justin Swanson
|
|
|
Batting: LHB Hector Olvera
|
0-0: SINGLE (Groundball, 4MD, EV 105.0 MPH) Fhil Mikrakin to third Steve Raine to second Runner from 3rd tries for Home, SAFE, throw by CF to home
|
|
Pinch Hitting: LHB Marvin Shepherd
|
0-0: Ball 1-0: Ball 2-0: Called Strike 2-1: Called Strike 2-2: Ball 3-2: Base on Balls Steve Raine to third Hector Olvera to second
|
|
Batting: LHB Ben Roth
|
0-0: Swinging Strike 0-1: Ball Wild Pitch! Steve Raine scores Hector Olvera to third Marvin Shepherd to second 1-1: Ball 2-1: Ground out 4-3 (Groundball, 34D, EV 98.8 MPH)
|
| Bottom of the 7th over - 3 runs, 3 hits, 0 errors, 2 left on base; Aberdeen 3 - Minnesota (NYP) 4 |
| TOP OF THE 8TH |
|
Aberdeen Ironbirds batting - Pitching for Minnesota (NYP) Twins : RHP Chad Brock
|
|
Now in LF: Ben Roth
|
|
|
Now in CF: Jose Hilario
|
|
|
Now in RF: Marvin Shepherd
|
|
|
Batting: LHB Jeremy Nuzzo
|
0-0: Ball 1-0: Ball 2-0: SINGLE (Line Drive, 34, EV 98.1 MPH)
|
|
Batting: RHB Dou-wan Pan
|
0-0: Ball 1-0: Ball 2-0: Fly out, F7 (Flyball, 7, EV 87.5 MPH)
|
|
Batting: LHB Robert Ortiz
|
0-0: Fielders Choice at 2nd, 1-6 (Groundball, 34S, EV 65.6 MPH)
|
|
Pinch Hitting: RHB Juan Eyrich
|
0-0: Fly out, F2 (Popup, 23F, EV 77.5 MPH)
|
| Top of the 8th over - 0 runs, 1 hit, 0 errors, 1 left on base; Aberdeen 3 - Minnesota (NYP) 4 |
| BOTTOM OF THE 8TH |
|
Minnesota (NYP) Twins batting - Pitching for Aberdeen Ironbirds : RHP Justin Swanson
|
|
Now at 2B: Juan Eyrich
|
|
|
Now at SS: Chris Cohen
|
|
|
Batting: RHB David McClellan
|
0-0: Ball 1-0: Foul Ball, location: 2F 1-1: Foul Ball, location: 2F 1-2: Strikes out swinging
|
|
Batting: LHB Jose Hilario
|
0-0: Called Strike 0-1: Foul Ball, location: 2F 0-2: Foul Ball, location: 2F 0-2: Fly out, F8 (Line Drive, 8RD, EV 86.2 MPH)
|
|
Batting: RHB Caleb Bockmann
|
0-0: Swinging Strike 0-1: Called Strike 0-2: Ball 1-2: Foul Ball, location: 2F 1-2: Ball 2-2: Fly out, F9 (Flyball, 9D, EV 98.1 MPH)
|
| Bottom of the 8th over - 0 runs, 0 hits, 0 errors, 0 left on base; Aberdeen 3 - Minnesota (NYP) 4 |
| TOP OF THE 9TH |
|
Aberdeen Ironbirds batting - Pitching for Minnesota (NYP) Twins : RHP Chad Brock
|
|
Pitching: LHP Yeijiro Kimura
|
|
|
Now at 2B: Juan Aguilar
|
|
|
Batting: LHB Taylor Plummer
|
0-0: Ball 1-0: Called Strike 1-1: Called Strike 1-2: Strikes out swinging
|
|
Batting: LHB Chris Cohen
|
0-0: Ball 1-0: Foul Ball, location: 2F 1-1: Called Strike 1-2: Strikes out looking
|
|
Batting: LHB Xue-liang Zhou
|
0-0: Called Strike 0-1: Ball 1-1: Called Strike 1-2: Ball 2-2: Ball 3-2: SINGLE (Groundball, 6MS, EV 64.4 MPH) (infield hit)
|
|
Pitching: LHP Travis Joyal
|
|
|
Batting: RHB C.J. Wells
|
0-0: Swinging Strike 0-1: Called Strike 0-2: Ball 1-2: Strikes out looking
|
| Top of the 9th over - 0 runs, 1 hit, 0 errors, 1 left on base; Aberdeen 3 - Minnesota (NYP) 4 |
|